 Dungeon Crawl Stone Soup version 0.27-a0-1245-g940ed4fa31 (webtiles) character file.

Game seed: 17987051984083756943

1682 mordus the Frost Mage (level 8, -6/57 HPs)
             Began as a Green Draconian Ice Elementalist on June 9, 2021.
             Was an Initiate of Ashenzari.
             Mangled by Joseph
             ... wielding a +0 quarterstaff
              (14 damage)
             ... on level 8 of the Dungeon.
             The game lasted 00:21:57 (7611 turns).

mordus the Frost Mage (DrIE)                        Turns: 7611, Time: 00:21:57

Health: -6/57      AC: 13    Str: 11    XL:     8   Next: 71%
Magic:  8/15       EV: 13    Int: 17    God:    Ashenzari [......]
Gold:   491        SH:  0    Dex: 12    Spells: 10/17 levels left

rFire    . . .     SeeInvis +   d - +0 dagger (venom)
rCold    . . .     Faith    .   (no shield)
rNeg     . . .     Spirit   .   (armour unavailable)
rPois    +         Reflect  .   (helmet restricted)
rElec    .         Harm     .   (no cloak)
rCorr    .         Rampage  .   (no gloves)
Will     +....                  (no boots)
Stlth    ++........             p - amulet of the acrobat
HPRegen  0.19/turn              m - ring of see invisible
MPRegen  0.14/turn              s - ring of willpower

@: ice-armoured, freezing walls
A: breathe noxious fumes, AC +6, unfitting armour, poison resistance,
cold-blooded
a: Breathe Noxious Fumes, Renounce Religion, Curse Item


You were on level 8 of the Dungeon.
You worshipped Ashenzari.
Ashenzari was noncommittal.
You visited 2 branches of the dungeon, and saw 9 of its levels.

You collected 491 gold pieces.

Inventory:

Hand Weapons
 d - a +0 dagger of venom (weapon)
Missiles
 q - 2 boomerangs of dispersal (quivered)
 y - 2 throwing nets
Jewellery
 m - a ring of see invisible (left hand)
 p - an amulet of the acrobat (around neck)
 s - a ring of willpower (right hand)
Wands
 w - a wand of digging (4)
 x - a wand of paralysis (12)
 z - a wand of flame (17)
Scrolls
 e - 2 scrolls of teleportation
 f - a scroll of summoning
 g - a scroll of holy word
 h - a scroll of silence
 i - 2 scrolls of torment
 j - 5 scrolls of identify
 r - 2 scrolls of enchant weapon
 v - a scroll of brand weapon
Potions
 a - 4 potions of berserk rage
 b - a potion of resistance
 c - 2 potions of lignification
 k - 2 potions of might
 l - a potion of magic
 n - a potion of haste
 o - a potion of curing
 t - a potion of cancellation
 u - a potion of mutation


   Skills:
 + Level 5.0 Dodging
 - Level 1.7 Stealth
 + Level 5.2 Spellcasting
 * Level 9.2 Ice Magic


You had 10 spell levels left.
You knew the following spells:

 Your Spells              Type           Power      Damage    Failure   Level
a - Freeze                Ice            100%       1d11      1%          1
b - Frozen Ramparts       Ice            70%        1d9       1%          3
c - Ozocubu's Armour      Ice            35%        N/A       1%          3

Your spell library contained the following spells:

 Spells                   Type           Power      Damage    Failure   Level
 Ensorcelled Hibernation  Hex/Ice        40%        N/A       3%          2
 Beastly Appendage        Tmut           8%         N/A       14%         1
 Corona                   Hex            4%         N/A       14%         1
 Hailstorm                Conj/Ice       20%        3d6       21%         4
 Ice Form                 Ice/Tmut       20%        N/A       21%         4
 Wereblood                Tmut           4%         N/A       22%         2
 Confusing Touch          Hex            4%         N/A       38%         3
 Dazzling Flash           Conj/Hex       8%         N/A       38%         3
 Spider Form              Tmut/Pois      2%         N/A       38%         3
 Tukima's Dance           Hex            4%         N/A       38%         3
 Metabolic Englaciation   Hex/Ice        10%        N/A       50%         5


Dungeon Overview and Level Annotations

Branches:
Dungeon (8/15)             Temple (1/1) D:4
   Lair: D:8-11

Altars:
Ashenzari
Cheibriados
Dithmenos
Elyvilon
Gozag
Hepliaklqana
Kikubaaqudgha
Makhleb
Nemelex Xobeh
Okawaru
Qazlal
Ru
Sif Muna
Trog
Uskayaw
Vehumet
Wu Jian
Xom
Yredelemnul
Zin
The Shining One

Annotations:
D:8 Joseph


Innate Abilities, Weirdness & Mutations

You can breathe blasts of noxious fumes.
Your lurid green scales are hard. (AC +6)
You cannot fit into any form of body armour.
Your system is resistant to poisons. (rPois)
You are cold-blooded and may be slowed by cold attacks.


Message History

A film of ice covers your body!
The wall freezes the wyvern.
The wyvern misses you.
The wall freezes Joseph.
Joseph hits you with a +0 quarterstaff!
The wall freezes the acid dragon!
Unknown command.
The wall freezes the wyvern.
The wyvern completely misses you.
The wall freezes Joseph!
Joseph completely misses you.
The wall freezes the wyvern.
The wyvern completely misses you.
The wall freezes the wyvern.
The wyvern misses you.
The wall freezes Joseph.
Joseph barely misses you.
The wall freezes the acid dragon!
The wall freezes the wyvern.
The wyvern misses you.
The wall freezes Joseph.
Joseph closely misses you.
The wall freezes the wyvern.
The wyvern misses you.
The wall freezes the wyvern.
The wyvern barely misses you.
The wall freezes Joseph.
Joseph completely misses you.
The wall freezes the acid dragon!
The wall freezes the wyvern.
The wyvern misses you.
The wall freezes Joseph!
Joseph completely misses you.
The wall freezes the wyvern.
You kill the wyvern!
Your Ice Magic skill increases to level 9!
The wall freezes Joseph.
Joseph closely misses you.
The wall freezes the acid dragon!
You kill the acid dragon!
Your Dodging skill increases to level 5!
The wall freezes Joseph!
Joseph misses you.
The frozen ramparts melt away.
Joseph misses you.
Casting: Ozocubu's Armour (safe; 1% risk of failure)
Confirm with . or Enter, or press ? or * to list all spells.
Casting: Frozen Ramparts (safe; 1% risk of failure)
Press: ? - help, Dir - look around, f - activate The walls around you are covered in ice.
The wall freezes Joseph!
Joseph hits you with a +0 quarterstaff!
* * * LOW HITPOINT WARNING * * *
The wall freezes Joseph.
Joseph misses you.
The wall freezes Joseph.
Joseph hits you with a +0 quarterstaff!
* * * LOW HITPOINT WARNING * * *
The wall freezes Joseph.
Joseph completely misses you.
The wall freezes Joseph.
Joseph misses you.
You barely miss Joseph.
Joseph is almost dead.
The wall freezes Joseph.
Joseph hits you with a +0 quarterstaff!
You die...

.... ... ##..
#... ##.<######
####...#<#..#
............##..#
###.....#........
........#@##.....
.....8.?@†..?....
.................
.............##..
.>..........)..
.......####.##..
..... .. ...
...8. ... ..


You could see Joseph.

Vanquished Creatures
  Grinder (D:5)
  2 wyverns
  An acid dragon (D:8)
  An orc warrior (D:6)
  An ice beast (D:6)
  2 necrophages (D:5)
  An ogre (D:6)
  A scorpion (D:4)
  A gnoll sergeant (D:7)
  A howler monkey (D:6)
  A centaur skeleton (D:4)
  A gnoll shaman (D:7)
  A hound (D:7)
  An orc priest (D:5)
  A jelly (D:6)
  2 orc wizards (D:6)
  A killer bee zombie (D:6)
  A howler monkey zombie (D:7)
  9 gnolls (D:7)
  7 adders
  An ufetubus (D:5)
  2 worms (D:3)
  3 dart slugs
  7 ball pythons
  4 endoplasms
  4 giant cockroaches
  11 goblins
  2 hobgoblins
  3 jackals (D:1)
  4 quokkas
  3 bats
  3 frilled lizards
  7 kobolds
  5 rats
96 creatures vanquished.

Notes
Turn   | Place    | Note
-------+----------+-------------------------------------------
     0 | D:1      | mordus the Draconian Ice Elementalist began the quest for
                  | the Orb.
     0 | D:1      | Reached XP level 1. HP: 14/14 MP: 3/3
   333 | D:1      | Found a faded altar of an unknown god.
   419 | D:1      | Reached XP level 2. HP: 20/20 MP: 3/5
   907 | D:1      | Reached skill level 5 in Ice Magic
  1096 | D:2      | Reached XP level 3. HP: 26/26 MP: 6/6
  1100 | D:2      | Learned a level 3 spell: Frozen Ramparts
  1749 | D:3      | Reached XP level 4. HP: 33/33 MP: 7/7
  1785 | D:3      | Learned a level 3 spell: Ozocubu's Armour
  2789 | D:4      | Noticed a scorpion
  2794 | D:4      | Killed a scorpion
  2795 | D:4      | Reached XP level 5. HP: 38/38 MP: 7/9
  2869 | D:4      | Reached skill level 6 in Ice Magic
  2946 | D:4      | Found a staircase to the Ecumenical Temple.
  2957 | Temple   | Entered the Ecumenical Temple
  3074 | Temple   | Became a worshipper of Ashenzari the Shackled
  3170 | D:5      | Entered Level 5 of the Dungeon
  3980 | D:6      | Noticed an orc warrior
  4003 | D:6      | Reached XP level 6. HP: 43/45 MP: 3/10
  4009 | D:6      | Killed an orc warrior
  4195 | D:6      | Noticed an ice beast
  4236 | D:6      | Killed an ice beast
  4237 | D:6      | Reached skill level 7 in Ice Magic
  4703 | D:6      | Your scales start taking on a lurid green colour.
  4703 | D:6      | Reached XP level 7. HP: 35/50 MP: 12/12
  4703 | D:6      | Gained mutation: Your system is resistant to poisons.
                  | (rPois) [Green Draconian growth]
  5047 | D:5      | Found a transporter.
  5060 | D:5      | Found a transporter.
  5249 | D:5      | Noticed Grinder
  5293 | D:5      | Killed Grinder
  5850 | D:5      | Reached skill level 8 in Ice Magic
  5937 | D:7      | Noticed a wyvern
  5950 | D:7      | Killed a wyvern
  5951 | D:7      | Reached XP level 8. HP: 8/57 MP: 7/14
  6344 | D:7      | Found a snail-covered altar of Cheibriados.
  6346 | D:7      | Found Cheibriados's Comfort Zone.
  6757 | D:6      | Reached skill level 5 in Spellcasting
  7094 | D:6      | HP: 1/57 [wraith (3)]
  7592 | D:8      | Noticed Joseph
  7603 | D:8      | Reached skill level 9 in Ice Magic
  7604 | D:8      | Reached skill level 5 in Dodging
  7611 | D:8      | Mangled by Joseph

Illustrated notes

Levels and vault maps discovered:
D:1:      dpeg_arrival_rhombus, layout_basic, ebering_ecumenical_altar_abandoned
D:2:      layout_basic
D:3:      layout_basic
D:4:      layout_loops_ring, minmay_temple_entry_tees
D:5:      gammafunk_wand_slinger, layout_cave_pools, uniq_grinder
D:6:      layout_basic, kennysheep_boxes
D:7:      layout_cave_pools, serial_column_ruins, column_ruins_circle_medium,
          column_ruins_hut_water, column_ruins_open_tiny,
          column_ruins_open_small, column_ruins_open_small, column_ruins_grid_1,
          column_ruins_grid_1, column_ruins_open_tiny, minmay_shop_chei
D:8:      layout_cave_pools, st_stairs_1, corexii_corridor_pit, uniq_grum,
          uniq_erica, uniq_joseph
Temple:   minmay_crystal_snake_temple

Skill      XL: |  1  2  3  4  5  6  7  8 |
---------------+-------------------------+-----
Ice Magic      | 5 6 7 8 9 |  9.2
Dodging        | 2 3 4 5 |  5.0
Spellcasting   | 3 4 5 |  5.2
Stealth        | |  1.7

Action                   |  1- 3 |  4- 6 |  7- 9 || total
-------------------------+-------+-------+-------++-------
Melee: Unarmed           |     2 |       |       ||     2
       Dagger            |    61 |   125 |   149 ||   335
       Tailslap          |     6 |    21 |    13 ||    40
Throw: Boomerang         |       |     3 |       ||     3
 Cast: Freeze            |    34 |     3 |     4 ||    41
       Ozocubu's Armour  |       |     3 |    10 ||    13
       Frozen Ramparts   |       |     2 |    14 ||    16
  Use: Scroll            |       |       |     1 ||     1
       Potion            |       |       |     1 ||     1
 Stab: Sleeping          |     3 |     3 |     1 ||     7
Armor: Skin              |    27 |    46 |    53 ||   126
Dodge: Dodged            |    58 |   110 |   204 ||   372

Table legend: (Time is in decaauts)
 A = Elapsed time spent in this place.
 B = Non-inter-level travel time spent in this place.
 C = Inter-level travel time spent in this place.
 D = Time resting spent in this place.
 E = Time spent auto-exploring this place.
 F = Levels seen in this place.
 G = Mean time per level.
                   A        B        C        D        E       F      G
               +--------+--------+--------+--------+--------+-----+--------+
         Total |   7644 |   7391 |    253 |   1421 |   4524 |   9 |  849.3 |
       Dungeon |   7447 |   7231 |    216 |   1421 |   4367 |   8 |  930.9 |
        Temple |    196 |    159 |     37 |      0 |    157 |   1 |  196.0 |
               +--------+--------+--------+--------+--------+-----+--------+

Top non-repeatable levels by time:
     D:6: 1504 daAuts
     D:5: 1411 daAuts
     D:3: 1081 daAuts
     D:1: 1048 daAuts
     D:4: 924 daAuts
     D:7: 801 daAuts
     D:2: 655 daAuts
  Temple: 196 daAuts
     D:8: 19 daAuts
